 Dungeon Crawl Stone Soup version 0.28-a0-580-ga2639ab843 (webtiles) character file.

Game seed: 13007633534291212775

2891 porpoise the Thaumaturge (level 9, -3/50 HPs)
             Began as a Deep Elf Conjurer on Oct 3, 2021.
             Slain by a gnoll (5 damage)
             ... on level 7 of the Dungeon.
             The game lasted 00:28:37 (8138 turns).

porpoise the Thaumaturge (Deep Elf Conjurer)        Turns: 8138, Time: 00:28:38

Health: -3/50      AC:  6    Str:  4 (5)  XL:     9   Next: 48%
Magic:  25/33      EV: 13    Int: 24 (26) God:
Gold:   347        SH:  0    Dex: 10 (13) Spells: 15/26 levels left

rFire   . . .      SeeInvis .   a - +2 mace (drain)
rCold   . . .      Faith    .   (no shield)
rNeg    . . .      Spirit   .   B - +0 steam dragon scales
rPois   .          Reflect  .   (no helmet)
rElec   .          Harm     .   p - +0 cloak
rCorr   .          Rampage  .   (no gloves)
Will    .....                   (no boots)
Stlth   ++........              e - amulet of magic regeneration
HPRegen 0.16/turn               g - ring of magical power
MPRegen 0.48/turn               (no ring)

@: lethally poisoned (-3 -> -15), invisible
A: no striking features
a: no special abilities


You were on level 7 of the Dungeon.
You visited 1 branch of the dungeon, and saw 7 of its levels.

You collected 347 gold pieces.

Inventory:

Hand Weapons
 a - a +2 mace of draining (weapon)
 y - a +2 dagger of venom
Missiles
 c - 2 datura-tipped darts
 h - 125 stones
 r - a throwing net
 s - 29 sling bullets
Armour
 p - a +0 cloak (worn)
 B - +0 steam dragon scales (worn)
Jewellery
 e - an amulet of magic regeneration (around neck)
 g - a ring of magical power (left hand)
Wands
 o - a wand of mindburst (8)
 q - a wand of paralysis (4)
 C - a wand of acid (9)
Scrolls
 b - a scroll of blinking
 d - 3 scrolls of immolation {unknown}
 l - 3 scrolls of identify {unknown}
 m - a scroll of teleportation {unknown}
 t - a scroll of enchant armour {unknown}
 v - a scroll of enchant weapon {unknown}
 x - a scroll of fog {unknown}
Potions
 f - a potion of brilliance {unknown}
 i - a potion of magic {unknown}
 j - a potion of flight {unknown}
 n - 2 potions of degeneration
 u - 2 potions of heal wounds {unknown}
 w - a potion of haste {unknown}
 z - 2 potions of berserk rage {unknown}
 A - a potion of ambrosia {unknown}


   Skills:
 - Level 3.0 Fighting
 + Level 5.7 Dodging
 - Level 2.4 Stealth
 + Level 9.1 Spellcasting
 - Level 7.0 Conjurations
 - Level 7.0 Hexes
 - Level 7.0 Translocations


You had 15 spell levels left.
You knew the following spells:

 Your Spells              Type           Power      Damage    Failure   Level
a - Magic Dart            Conj           100%       1d8       1%          1
b - Searing Ray           Conj           88%        2d7       1%          2
c - Fulminant Prism       Conj/Hex       22%        3d13      3%          4
d - Iskenderun's Mystic   Conj/Tloc      44%        2d10      3%          4

Your spell library contained the following spells:

 Spells                   Type           Power      Damage    Failure   Level
 Ensorcelled Hibernation  Hex/Ice        54%        N/A       1%          2
 Static Discharge         Conj/Air       27%        N/A       1%          2
 Dazzling Flash           Conj/Hex       88%        N/A       1%          3
 Spider Form              Tmut/Pois      5%         N/A       17%         3
 Lightning Bolt           Conj/Air       13%        1d27      36%         5
 Maxwell's Capacitive Co  Air            5%         ∞         100%        8


Dungeon Overview and Level Annotations

Branches:
Dungeon (7/15)             Temple (0/1) D:7

Altars:
Nemelex Xobeh
Wu Jian

Shops:
D:1 =

Annotations:
D:5 2 transporters, jasper's ghost, amateur DsEn


Message History

Okay, then.
You feel very sick.
Casting: Searing Ray (safe; 1% risk of failure)
Confirm with . or Enter, or press ? or * to list all spells.
Aiming: Searing Ray (safe; 1% risk of failure)
Press: ? - help, Shift-Dir - straight line The searing ray hits the gnoll sergeant!
The gnoll sergeant is heavily wounded. (Press . to maintain the ray.)
You feel very sick. The gnoll sergeant barely misses you.
The searing ray hits the gnoll sergeant.
The gnoll sergeant is severely wounded.
You feel sick.
The gnoll sergeant hits you from afar with a +3 spear of venom.
The searing ray hits the gnoll sergeant!
The gnoll sergeant is almost dead.
You feel sick.
The gnoll sergeant hits you from afar with a +3 spear of venom!
You are lethally poisoned!
The searing ray hits the gnoll sergeant.
You kill the gnoll sergeant!
You finish channelling your searing ray.
* * * LOW HITPOINT WARNING * * *
You feel very sick.
Casting: Searing Ray (safe; 1% risk of failure)
Confirm with . or Enter, or press ? or * to list all spells.
You don't know that spell.
It was a potion of degeneration.
There was something very wrong with that liquid.
You feel weakened.
You feel dopey.
You feel clumsy.
* * * LOW HITPOINT WARNING * * *
You feel very sick. The gnoll closely misses you.
It was a potion of invisibility.
You fade into invisibility!
* * * LOW HITPOINT WARNING * * *
You feel very sick.
The gnoll hits you from afar with a +0 spear.
You die...

#..⌠...⌠.. #..#.........
#.......>....
#..#.........
#..#..⌠...⌠.. #+#
#......)..... #####..
#..#..)......
#......##+####..##g##.#
#...............@.....##
#.........<..............#
#..##..##...##...###+#####
# #..##...##...#
#.....<.##...#
#............#
..............#
..............#
....####+##+###


You could see a gnoll.

Vanquished Creatures
  Pikel (D:6)
  Maggie (D:5)
  Grinder (D:5)
  Prince Ribbit (D:5)
  Sigmund (D:2)
  Edmund (D:5)
  A water moccasin (D:6)
  A hornet zombie (D:6)
  A sky beast (D:6)
  4 ogres
  4 lemures (D:6)
  A gnoll sergeant (D:7)
  A scorpion (D:6)
  A water moccasin skeleton (D:5)
  4 hounds
  Crazy Yiuf (D:2)
  2 gnoll shamans
  An orc priest (D:4)
  Ijyb (D:5)
  Natasha (thrice) (D:2)
  3 iguanas
  An orc wizard (D:3)
  A hound zombie (D:5)
  2 hound skeletons (D:4)
  5 adders
  12 gnolls
  A howler monkey skeleton (D:7)
  A shadow imp (D:5)
  A white imp (D:6)
  An adder zombie (D:5)
  2 worms
  3 dart slugs (D:1)
  11 orcs
  7 endoplasms
  2 giant cockroaches (D:1)
  7 goblins
  6 hobgoblins
  4 jackals (D:2)
  2 quokkas
  3 ball pythons (D:1)
  3 bats
  4 kobolds
  A quokka skeleton (D:4)
  7 rats
122 creatures vanquished.

Vanquished Creatures (others)
  13 fulminant prisms
13 creatures vanquished.

Grand Total: 135 creatures vanquished

Notes
Turn   | Place    | Note
-------+----------+-------------------------------------------
     0 | D:1      | porpoise the Deep Elf Conjurer began the quest for the Orb.
     0 | D:1      | Reached XP level 1. HP: 10/10 MP: 6/6
   214 | D:1      | Reached XP level 2. HP: 15/15 MP: 5/8
   217 | D:1      | Learned a level 2 spell: Searing Ray
   385 | D:1      | Reached skill level 5 in Conjurations
   869 | D:1      | Reached XP level 3. HP: 19/19 MP: 8/10
  1158 | D:2      | Noticed Natasha
  1162 | D:2      | Killed Natasha
  1163 | D:2      | Reached skill level 4 in Spellcasting
  1163 | D:2      | Reached XP level 4. HP: 24/24 MP: 12/12
  1245 | D:2      | Noticed Natasha
  1248 | D:2      | Killed Natasha
  1560 | D:2      | Noticed Sigmund
  1566 | D:2      | Killed Sigmund
  1567 | D:2      | Reached skill level 5 in Spellcasting
  1567 | D:2      | Reached XP level 5. HP: 20/28 MP: 15/15
  1567 | D:2      | Reached XP level 6. HP: 22/32 MP: 16/16
  1885 | D:2      | Noticed Natasha
  1889 | D:2      | Killed Natasha
  2228 | D:2      | Found a runed translucent door.
  2229 | D:2      | Noticed Crazy Yiuf
  2239 | D:2      | Killed Crazy Yiuf
  2240 | D:2      | Reached skill level 6 in Spellcasting
  3632 | D:3      | Learned a level 4 spell: Fulminant Prism
  3637 | D:3      | Learned a level 4 spell: Iskenderun's Mystic Blast
  3876 | D:4      | Reached skill level 1 in Hexes
  4115 | D:4      | Reached skill level 1 in Translocations
  5236 | D:5      | Entered Level 5 of the Dungeon
  5258 | D:5      | Reached XP level 7. HP: 31/36 MP: 18/18
  5443 | D:5      | Noticed Prince Ribbit
  5746 | D:5      | Killed Prince Ribbit
  5773 | D:5      | Noticed Edmund
  5786 | D:5      | Reached skill level 5 in Hexes
  6130 | D:5      | Noticed Ijyb
  6138 | D:5      | Killed Ijyb
  6139 | D:5      | Reached XP level 8. HP: 41/41 MP: 19/19
  6312 | D:5      | Found a sparkling altar of Nemelex Xobeh.
  6318 | D:5      | Killed Edmund
  6319 | D:5      | Reached skill level 5 in Translocations
  6335 | D:5      | Noticed Grinder
  6343 | D:5      | Killed Grinder
  6344 | D:5      | Reached skill level 7 in Spellcasting
  6576 | D:5      | Reached skill level 1 in Fighting
  6777 | D:5      | Found a transporter.
  6777 | D:5      | Noticed jasper's ghost (amateur DsEn)
  6785 | D:5      | Found a transporter.
  6890 | D:6      | Noticed Maggie
  6901 | D:5      | Killed Maggie
  6902 | D:5      | Reached skill level 8 in Spellcasting
  7087 | D:6      | Reached skill level 9 in Spellcasting
  7119 | D:6      | Reached XP level 9. HP: 34/50 MP: 23/24
  7851 | D:6      | Found an ornate altar of the Wu Jian Council.
  7872 | D:6      | Noticed Pikel
  7881 | D:6      | Killed Pikel
  7882 | D:6      | Reached skill level 5 in Dodging
  8119 | D:7      | Found a staircase to the Ecumenical Temple.
  8138 | D:7      | HP: 2/50 [poisoned by a gnoll sergeant]
  8138 | D:7      | Slain by a gnoll

Illustrated notes

Levels and vault maps discovered:
D:1:      wander_arrival_desolate, layout_loops_cross, serial_shops, shop
D:2:      layout_loops_ring, uniq_crazy_yiuf_cottage, uniq_sigmund, uniq_natasha
D:3:      layout_rooms
D:4:      layout_basic, kennysheep_generic_room_8
D:5:      layout_loops_ring, kennysheep_mini_moat, gammafunk_ghost_smash,
          minmay_misc_feat_four_crosses, uniq_grinder, uniq_edmund,
          uniq_prince_ribbit1, uniq_ijyb
D:6:      layout_rooms, lemuel_tele_altar, uniq_maggie, uniq_pikel
D:7:      layout_gridville, mainiacjoe_overflow_alcove_1,
          minmay_temple_entry_large_hall, uniq_duvessa

Skill      XL: |  1  2  3  4  5  6  7  8  9 |
---------------+----------------------------+-----
Conjurations   | 5 7 |  7.0
Spellcasting   | 4 5 6 9 |  9.1
Hexes          | 2 5 7 |  7.0
Translocations | 2 4 5 7 |  7.0
Fighting       | 3 |  3.0
Dodging        | 5 |  5.7
Stealth        | |  2.4

Action                   |  1- 3 |  4- 6 |  7- 9 || total
-------------------------+-------+-------+-------++-------
Melee: Mace              |       |       |     8 ||     8
 Cast: Magic Dart        |    51 |    53 |    13 ||   117
       Searing Ray       |     3 |    24 |    48 ||    75
       Fulminant Prism   |       |       |    13 ||    13
       Iskenderun's Myst |       |       |     5 ||     5
  Use: Scroll            |       |     1 |     1 ||     2
       Potion            |       |       |     4 ||     4
Armor: Robe              |       |       |     3 ||     3
       Steam dragon scal |       |       |     7 ||     7
Dodge: Dodged            |       |     8 |    36 ||    44

Table legend: (Time is in decaauts)
 A = Elapsed time spent in this place.
 B = Non-inter-level travel time spent in this place.
 C = Inter-level travel time spent in this place.
 D = Time resting spent in this place.
 E = Time spent auto-exploring this place.
 F = Levels seen in this place.
 G = Mean time per level.
                   A        B        C        D        E       F      G
               +--------+--------+--------+--------+--------+-----+--------+
         Total |   8135 |   7846 |    289 |   3934 |   3019 |   7 | 1162.1 |
       Dungeon |   8135 |   7846 |    289 |   3934 |   3019 |   7 | 1162.1 |
               +--------+--------+--------+--------+--------+-----+--------+

Top non-repeatable levels by time:
     D:4: 1791 daAuts
     D:5: 1634 daAuts
     D:2: 1576 daAuts
     D:1: 1074 daAuts
     D:6: 1017 daAuts
     D:3: 996 daAuts
     D:7: 45 daAuts
